 Dungeon Crawl Stone Soup version 0.29-a0-817-g9904bce7a6 (webtiles) character file.

Game seed: 17442273481377677081

44 wingedge the Sneak (level 3, -1/29 HPs)
             Began as a Human Delver on July 5, 2022.
             Was an Initiate of Wu Jian.
             Slain by a kobold
             ... wielding a +0 whip
              (4 damage)
             ... on level 3 of the Dungeon.
             The game lasted 00:06:26 (340 turns).

wingedge the Sneak (Human Delver)                    Turns: 340, Time: 00:06:27

Health: -1/29      AC:  3    Str: 14    XL:     3   Next: 87%
Magic:  3/3        EV: 12    Int: 10    God:    Wu Jian [......]
Gold:   0          SH:  0    Dex: 14    Spells: 2/2 levels left

rFire   . . .      SeeInvis .   a - +0 spear
rCold   . . .      Faith    .   (no shield)
rNeg    . . .      Spirit   .   b - +0 leather armour
rPois   .          Reflect  .   (no helmet)
rElec   .          Harm     .   (no cloak)
rCorr   .          Rampage  .   (no gloves)
Will    .....                   (no boots)
Stlth   +++.......              (no amulet)
HPRegen 0.09/turn               (no ring)
MPRegen 0.08/turn               (no ring)

@: flying
A: no striking features
a: Renounce Religion


You were on level 3 of the Dungeon.
You worshipped Wu Jian.
Wu Jian was noncommittal.
You visited 2 branches of the dungeon, and saw 4 of its levels.

Inventory:

Hand Weapons
 a - a +0 spear (weapon)
 f - a +0 dagger
 h - a +0 short sword
Missiles
 i - 3 poisoned darts (quivered)
Armour
 b - a +0 leather armour (worn)
 d - a +0 ring mail
Wands
 g - a wand of digging (1)
Scrolls
 c - a scroll of fog
 e - a scroll of enchant armour {unknown}


   Skills:
 + Level 3.4 Fighting
 + Level 2.5 Polearms
 + Level 2.5 Dodging
 + Level 5.3 Stealth


You had 2 spell levels left.
You didn't know any spells.
Your spell library was empty.

Dungeon Overview and Level Annotations

Branches:
Dungeon (5/15)             Temple (1/1) D:5

Altars:
Ashenzari
Cheibriados
Gozag
Nemelex Xobeh
Okawaru
Ru
Sif Muna
Wu Jian
Yredelemnul
Zin


Message History

Unknown command.
Okay, then.
It was a potion of flight.
You feel very buoyant.
You fly up into the air.
The hound barely misses you.
You hit the hound.
The hound is heavily wounded.
The hound misses you. The hound closely misses you.
You hit the hound.
The hound is severely wounded.
The kobold completely misses you. The hound barely misses you.
You hit the hound.
You kill the hound!
The Council accepts your kill. The kobold hits you with a +0 whip.
You have reached level 3!
Your experience leads to an increase in your attributes!
Increase (S)trength, (I)ntelligence, or (D)exterity?
You feel stronger. x2
You hit the kobold but do no damage. The kobold hits you but does no damage.
Reach: a) +0 spear
Press: ? - help, Dir - move target, f - orc
Aim: an orc, wielding a +0 club (about 37% to evade your +0 spear)
You reach to attack!
You hit the orc but do no damage. The kobold hits you with a +0 whip.
Reach: a) +0 spear
Press: ? - help, Dir - move target, f/p - orc
Aim: an orc, wielding a +0 club (about 37% to evade your +0 spear)
You hit the orc but do no damage. The kobold hits you with a +0 whip.
* * * LOW HITPOINT WARNING * * *
The orc hits you but does no damage.
Reach: a) +0 spear
Press: ? - help, Dir - move target, f/p - orc
Aim: an orc, wielding a +0 club (about 37% to evade your +0 spear)
You hit the orc.
The orc is almost dead.
The orc hits you with a +0 club.
* * * LOW HITPOINT WARNING * * *
The kobold hits you with a +0 whip.
You die...

##)# #.#
#.###†#####
#.......†.#
#####.....#
#.....# .
#.....#
....##.....#
......o@...#
.##.#.K...)#
# ######.#
.# .# .#


You could see an orc and a kobold.

Vanquished Creatures
  A hound (D:3)
  An adder (D:4)
  A giant cockroach (D:3)
  A goblin (D:4)
  A hobgoblin (D:3)
  2 kobolds
7 creatures vanquished.

Notes
Turn   | Place    | Note
-------+----------+-------------------------------------------
     0 | D:5      | wingedge the Human Delver began the quest for the Orb.
     0 | D:5      | Reached XP level 1. HP: 18/18 MP: 1/1
    20 | D:5      | Found a staircase to the Ecumenical Temple.
    29 | Temple   | Entered the Ecumenical Temple
    88 | Temple   | Became a worshipper of the Wu Jian Council
   139 | D:5      | Noticed a scorpion
   165 | D:4      | Found a shimmering blue altar of Sif Muna.
   203 | D:4      | Reached XP level 2. HP: 21/24 MP: 2/2
   337 | D:3      | Reached XP level 3. HP: 11/29 MP: 3/3
   340 | D:3      | Slain by a kobold

Illustrated notes

Levels and vault maps discovered:
D:3:      layout_basic, nicolae_vehumet_altar_sigil, hangedman_decor_points,
          nicolae_grassy_gnolls, uniq_grinder
D:4:      layout_rooms, overflow_temple_1_default
D:5:      layout_basic, minmay_temple_entry_junction_2, enter_ossuary_4,
          uniq_duvessa
Temple:   nicolae_temple_bog_church

Action                   || total
-------------------------++-------
Melee: Spear             ||    26
Throw: Dart              ||     1
Invok: Lunge             ||     1
Evoke: Wand              ||     2
  Use: Scroll            ||     2
       Potion            ||     2
 Stab: Sleeping          ||     2
Armor: Leather armour    ||     6
Dodge: Dodged            ||    13

Table legend: (Time is in decaauts)
 A = Elapsed time spent in this place.
 B = Non-inter-level travel time spent in this place.
 C = Inter-level travel time spent in this place.
 D = Time resting spent in this place.
 E = Time spent auto-exploring this place.
 F = Levels seen in this place.
 G = Mean time per level.
                   A        B        C        D        E       F      G
               +--------+--------+--------+--------+--------+-----+--------+
         Total |    323 |    290 |     33 |     31 |     25 |   4 |   80.8 |
       Dungeon |    243 |    220 |     23 |     31 |      0 |   3 |   81.0 |
        Temple |     79 |     69 |     10 |      0 |     25 |   1 |   79.0 |
               +--------+--------+--------+--------+--------+-----+--------+

Top non-repeatable levels by time:
     D:4: 143 daAuts
  Temple: 79 daAuts
     D:5: 63 daAuts
     D:3: 36 daAuts
